 Dungeon Crawl Stone Soup version 0.26-a0-958-gf3041fb45f (webtiles) character file.

Game seed: 13342189011738335987

117 Dracia the Slinger (level 5, -3/34 HPs)
             Began as a Halfling Hunter on Dec 1, 2020.
             Killed by nerve-wracking pain
             ... invoked by Grinder
              (12 damage)
             ... on level 3 of the Dungeon.
             The game lasted 00:03:59 (1822 turns).

Dracia the Slinger (Halfling Hunter)                Turns: 1822, Time: 00:04:01

Health: -3/34      AC:  3    Str: 11 (13) XL:     5   Next: 22%
Magic:  5/5        EV: 14    Int:  8 (9)  God:
Gold:   176        SH:  5    Dex: 13 (16) Spells: 4/4 levels left

rFire    . . .     SeeInvis .   a - +2 hunting sling
rCold    . . .     Faith    .   (shield restricted)
rNeg     . . .     Spirit   .   c - +0 leather armour
rPois    .         Reflect  +   (no helmet)
rElec    .         Harm     .   (no cloak)
rCorr    .         Rampage  .   (no gloves)
MR       .....                  (no boots)
Stlth    +.........             n - amulet of reflection
HPRegen  0.11/turn              (no ring)
MPRegen  0.09/turn              (no ring)

@: flying
A: small, mutation resistance 1
a: no special abilities


You were on level 3 of the Dungeon.
You visited 1 branch of the dungeon, and saw 3 of its levels.

You collected 176 gold pieces.


Innate Abilities, Weirdness & Mutations

You are small and have problems with some larger weapons.
You are somewhat resistant to further mutation.


   Skills:
 - Level 1.7 Fighting
 + Level 8.9 Slings
 - Level 2.1 Dodging
 - Level 1.1 Stealth


You had 4 spell levels left.
You didn't know any spells.
Your spell library was empty.

Inventory:

Hand Weapons
 a - a +2 hunting sling (weapon)
 b - a +0 short sword
 g - a +0 dagger
Missiles
 d - 33 sling bullets
 e - 72 stones (quivered)
Armour
 c - a +0 leather armour (worn)
Jewellery
 h - an uncursed amulet of guardian spirit
 n - an amulet of reflection (around neck)
Scrolls
 f - 2 scrolls of identify {@r1}
 i - a scroll of enchant weapon
 m - a scroll of teleportation {unknown}
Potions
 k - a potion of brilliance

Dungeon Overview and Level Annotations

Branches:
Dungeon (3/15)

Altars:
Fedhas
Hepliaklqana

Annotations:
D:3 Grinder

..##########.#
#...........
.............#
#)...÷.).).#
###.##########
#.......(... #.†........
.........(.....
#.#.#######
###########....
#.#.#####<## #..).
#.#........# ###### #....
#.#############....#####
#.... #..
...((.'5@....... +....
###
#######....##########....
#............).....
+..................
#..........)....##.
###....).....######
#.........##...#.
#........##..#..#
#......###_.#..#†


You could see Grinder.


Message History

Grinder hits you!
* * * LOW HITPOINT WARNING * * *
You writhe in agony.
* * * LOW HITPOINT WARNING * * *
You can move again.
You are too injured to fight recklessly!
You are too injured to fight recklessly!
Unknown command.
It was a potion of degeneration.
There was something very wrong with that liquid.
You feel weakened.
You feel dopey.
You feel clumsy. Grinder barely misses you.
It was a potion of flight.
You feel very buoyant.
You fly up into the air.
You block Grinder's attack.
You are too injured to fight recklessly!
You are too injured to fight recklessly!
You are too injured to fight recklessly!
You are too injured to fight recklessly!
You are too injured to fight recklessly!
You are too injured to fight recklessly!
Unknown command.
Grinder says, "Wait up."
As you read the scroll labelled ANEM ATSUPH, it crumbles to dust.
You hear a loud clanging noise!
It was a scroll of noise.
You hear an angry hiss.
You hear a shout! x3
Grinder gestures at you. Pain shoots through your body!
You die...

Skill      XL: |  1  2  3  4 |
---------------+-------------+-----
Slings         | 6 7 8 |  8.9
Fighting       | |  1.7
Dodging        | |  2.1
Stealth        | |  1.1

Action                   |  1- 3 |  4- 6 || total
-------------------------+-------+-------++-------
 Fire: Hunting sling     |   101 |    83 ||   184
  Use: Scroll            |       |     4 ||     4
       Potion            |       |     4 ||     4
Armor: Leather armour    |     8 |     1 ||     9
Dodge: Dodged            |    43 |     7 ||    50
Block: Other             |       |     2 ||     2

Levels and vault maps discovered:
D:1:      nzn_arrival_crosshair, layout_basic, st_stairs_14
D:2:      layout_basic, nicolae_overflow_crystal_walls, minmay_hexomino_c4
D:3:      layout_basic, marbit_many_paths, uniq_grinder

Notes
Turn   | Place    | Note
-------+----------+-------------------------------------------
     0 | D:1      | Dracia the Halfling Hunter began the quest for the Orb.
     0 | D:1      | Reached XP level 1. HP: 14/14 MP: 1/1
    15 | D:1      | Reached skill level 6 in Slings
    82 | D:1      | Reached XP level 2. HP: 15/19 MP: 2/2
   375 | D:1      | Reached skill level 7 in Slings
   375 | D:1      | Reached XP level 3. HP: 24/24 MP: 3/3
   802 | D:2      | Reached XP level 4. HP: 27/29 MP: 4/4
   974 | D:2      | Found a blossoming altar of Fedhas.
  1398 | D:3      | Reached skill level 8 in Slings
  1530 | D:3      | Reached XP level 5. HP: 34/34 MP: 5/5
  1664 | D:3      | Found a hazy altar of Hepliaklqana.
  1810 | D:3      | Noticed Grinder
  1812 | D:3      | Paralysed by Grinder for 6 turns
  1822 | D:3      | Killed from afar by Grinder

Vanquished Creatures
  3 gnolls (D:3)
  An ooze (D:1)
  3 worms (D:3)
  A dart slug (D:1)
  5 leopard geckos
  An orc (D:3)
  3 bats
  4 giant cockroaches
  12 goblins
  4 hobgoblins
  3 jackals (D:1)
  10 kobolds
  A quokka (D:2)
  3 ball pythons
  5 frilled lizards
  6 rats
65 creatures vanquished.

Table legend: (Time is in decaauts)
 A = Elapsed time spent in this place.
 B = Non-inter-level travel time spent in this place.
 C = Inter-level travel time spent in this place.
 D = Time resting spent in this place.
 E = Time spent auto-exploring this place.
 F = Levels seen in this place.
 G = Mean time per level.
                   A        B        C        D        E       F      G
               +--------+--------+--------+--------+--------+-----+--------+
         Total |   1789 |   1691 |     98 |      0 |   1360 |   3 |  596.3 |
       Dungeon |   1789 |   1691 |     98 |      0 |   1360 |   3 |  596.3 |
               +--------+--------+--------+--------+--------+-----+--------+

Top non-repeatable levels by time:
     D:1: 756 daAuts
     D:2: 606 daAuts
     D:3: 426 daAuts

Table legend:
 A = Non-vault XP
 B = Vault XP
 C = Vault XP percentage of total XP
 D = Non-vault monster count
 E = Vault monster count
 F = Vault count percentage of total count
                 A         B        C        D         E       F
            +---------+---------+-------+---------+---------+-------
      Total |     144 |      24 |  14.3 |      55 |      10 |  15.4
            +---------+---------+-------+---------+---------+-------
        D:1 |      55 |       4 |   6.8 |      29 |       1 |   3.3
        D:2 |       7 |      15 |  68.2 |       5 |       8 |  61.5
        D:3 |      82 |       5 |   5.7 |      21 |       1 |   4.5
            +---------+---------+-------+---------+---------+-------
